Map: Kairos Junction LE

Players

Harstem

  • Race: Protoss Protoss
  • League: Grandmaster
  • Spawn Location: 5:00

Rail - Winner!

  • Race: Protoss Protoss
  • League: Grandmaster
  • Spawn Location: 11:00

Event: 2019 WCS Winter Europe

VOD

Have the link to the VOD?

Description

Time

  • Played on: Feb. 17, 2019, 11:56 a.m.
  • Length: 5:52

All games in this series

Show
View Real Time Build Order
Export as new Build Order

Harstem Protoss 

Build Orders: Oracle Opening, Phoenix Opening 

Get SALT Encoding   

  12  0:00  Probe  
  13  0:12  Probe  
  14  0:17  Pylon  
  14  0:24  Probe  
  15  0:32  Probe  
  15  0:37  Gateway  
  15  0:40  Probe  
  17  0:51  Probe  
  17  0:54  Assimilator  
  18  0:57  Assimilator  
  18  0:59  Probe  
  19  1:07  Probe  
  19  1:09  Gateway  
  19  1:18  Probe  
  20  1:25  Cybernetics Core  
  21  1:30  Probe  
  22  1:34  Pylon  
  22  1:42  Probe  
  23  1:54  Probe  
  24  2:02  Stalker, Sentry  
  24  2:04  Warp Gate  
  28  2:13  Pylon  
  28  2:28  Pylon  
  30  2:36  Phoenix  
  30  2:41  Stargate  
  27  2:46  Nexus  
  27  2:49  Stalker  
  29  2:54  Probe  
  30  3:04  Stalker  
  32  3:07  Probe  
  33  3:16  Shield Battery  
  33  3:17  Oracle  
  33  3:19  Probe  
  34  3:30  Shield Battery  
  34  3:33  Probe  
  38  3:42  Pylon  
  38  3:47  Probe  
  39  3:59  Probe x2  
  44  4:10  Void Ray  
  44  4:14  Shield Battery  
  45  4:17  Zealot  
  45  4:20  Stalker  
  48  4:28  Shield Battery  
  48  4:30  Probe x2  
  51  4:40  Stalker  
  51  4:42  Shield Battery, Void Ray  
  55  5:01  Zealot  
  55  5:04  Zealot  
  40  5:21  Probe  
  40  5:22  Stalker  
  40  5:27  Zealot  
  37  5:39  Probe  
  39  5:46  Zealot  
Show
View Real Time Build Order
Export as new Build Order

Rail Protoss - Winner!

Build Orders:  

Get SALT Encoding   

  12  0:00  Probe  
  13  0:13  Probe  
  14  0:18  Pylon  
  14  0:24  Probe  
  15  0:32  Probe  
  15  0:37  Gateway  
  15  0:40  Probe  
  16  0:46  Assimilator  
  17  0:51  Probe  
  17  0:55  Assimilator  
  18  0:59  Probe  
  19  1:07  Probe  
  19  1:08  Gateway  
  19  1:17  Probe  
  20  1:24  Cybernetics Core  
  21  1:29  Probe  
  22  1:34  Pylon  
  22  1:42  Probe  
  23  1:54  Probe  
  24  2:01  Warp Gate, Adept x2  
  24  2:07  Probe  
  29  2:14  Pylon  
  29  2:34  Adept x2  
  33  2:45  Pylon  
  33  2:53  Nexus  
  33  3:03  Robotics Facility  
  33  3:06  Sentry  
  33  3:08  Sentry  
  37  3:21  Pylon  
  37  3:23  Gateway  
  37  3:39  Immortal  
  38  3:47  Shield Battery  
  38  3:54  Sentry  
  38  3:55  Sentry  
  45  4:06  Warp Prism  
  45  4:18  Sentry  
  45  4:19  Stalker  
  51  4:25  Stalker  
  53  4:42  Stalker x2  
  57  5:02  Stalker  
  57  5:05  Stalker  
  61  5:08  Stalker  
  51  5:25  Probe  
  51  5:26  Stalker  
  54  5:30  Stalker  
  54  5:35  Stalker  
  50  5:50  Stalker  
Tags
 
Add a new tag
Caveats
  • Supply blocks, unpowered buildings, or Contaminate may cause inaccurate times.
  • Supply counts are checked every 10 seconds.